 Dungeon Crawl Stone Soup version 0.20.0-15-g7f486f2 (webtiles) character file.

474 maniacrov the Covered (level 6, -26/56 HPs)
             Began as a Minotaur Fighter on June 13, 2017.
             Annihilated by an ogre
             ... wielding a +0 giant club
              (27 damage)
             ... on level 7 of the Dungeon.
             The game lasted 00:08:46 (2950 turns).

maniacrov the Covered (Minotaur Fighter)            Turns: 2950, Time: 00:08:48

Health: -26/56     AC:  7    Str: 22    XL:     6   Next: 84%
Magic:  5/5        EV:  6    Int:  5    God:
Gold:   150        SH: 15    Dex: 10    Spells: 5/5 levels left

rFire    . . .     SeeInvis .   a - +0 war axe
rCold    . . .     Gourm    .   t - +0 large shield
rNeg     . . .     Faith    .   b - +0 scale mail
rPois    .         Spirit   .   (helmet restricted)
rElec    .         Reflect  .   (no cloak)
rCorr    .         Harm     .   (no gloves)
MR       .....                  (no boots)
Stlth    ..........             (no amulet)
Regen    0.2/turn               (no ring)
MPRegen  0.1/turn               (no ring)

@: no status effects
A: retaliatory headbutt, horns 2
a: no special abilities


You were on level 7 of the Dungeon.
You were not hungry.

You visited 1 branch of the dungeon, and saw 7 of its levels.

You collected 150 gold pieces.

Inventory:

Hand Weapons
 a - a +0 war axe (weapon)
Armour
 b - a +0 scale mail (worn)
 t - a +0 large shield (worn)
Scrolls
 c - 2 scrolls of remove curse {unknown}
 h - a scroll of amnesia {unknown}
 i - a scroll of blinking {unknown}
 l - a scroll of teleportation
 n - a scroll of enchant weapon
 p - a scroll of recharging {unknown}
 r - a scroll of enchant armour {unknown}
 s - a scroll of fear {unknown}
Potions
 d - 3 potions of might
 e - a potion of berserk rage {unknown}
 g - a potion of curing
 j - a potion of resistance {unknown}
 m - 2 potions of mutation {unknown}
 o - a potion of lignification {unknown}
 q - a potion of cancellation {unknown}
Comestibles
 f - a bread ration


   Skills:
 + Level 5.1 Fighting
 + Level 5.4 Axes
 + Level 5.6 Armour
 - Level 1.5 Dodging
 + Level 5.1 Shields


You had 5 spell levels left.
You didn't know any spells.

Dungeon Overview and Level Annotations

Branches:
Dungeon (6/15)
 Temple: D:4-7

Altars:

Annotations:
D:7 Joseph


Innate Abilities, Weirdness & Mutations

You reflexively headbutt those who attack you in melee.
You have a pair of horns on your head.


Message History

Joseph unwields an uncursed quarterstaff.
Joseph wields a hunting sling.
Joseph shoots a sling bullet.
You block the sling bullet. You block the ogre's attack.
You block the gnoll's attack. The gnoll hits you with a whip.
The gnoll barely misses you. The gnoll hits you.
* * * LOW HITPOINT WARNING * * *
You feel better.
Joseph shoots a sling bullet.
The sling bullet hits you.
* * * LOW HITPOINT WARNING * * *
You block the ogre's attack. The gnoll hits you with a whip.
* * * LOW HITPOINT WARNING * * *
The gnoll hits you but does no damage. You block the gnoll's attack.
The gnoll hits you.
* * * LOW HITPOINT WARNING * * *
You hit the gnoll but do no damage.
The gnoll is lightly wounded.
You hit the ogre. You barely miss the gnoll.
Joseph shoots a sling bullet.
The sling bullet hits you!
* * * LOW HITPOINT WARNING * * *
The ogre hits you with a giant club!!
You die...

$..... #
...... .#
......#####.#
..........###
............
#.......#
#(.g....#
#@ggOg..#
#..@....#
#..........
########...
.. .


You could see Joseph, an ogre and 4 gnolls.

Vanquished Creatures
  3 ogres (D:4)
  A hound (D:4)
  2 orc wizards (D:4)
  A worker ant (D:4)
  3 adders
  A worm (D:2)
  3 dart slugs
  3 leopard geckos
  9 orcs
  2 giant cockroaches
  6 goblins
  11 hobgoblins
  2 jackals (D:1)
  A ball python (D:1)
  A bat (D:1)
  11 kobolds
  9 rats
69 creatures vanquished.

Notes
Turn   | Place    | Note
-------+----------+-------------------------------------------
     0 | D:1      | maniacrov the Minotaur Fighter began the quest for the Orb.
     0 | D:1      | Reached XP level 1. HP: 19/19 MP: 0/0
   151 | D:1      | Reached XP level 2. HP: 16/27 MP: 1/1
   589 | D:1      | Reached XP level 3. HP: 33/33 MP: 2/2
   716 | D:2      | Found a faded altar of an unknown god.
  1001 | D:2      | Reached skill level 1 in Dodging
  1239 | D:2      | Reached XP level 4. HP: 38/40 MP: 3/3
  2107 | D:4      | Noticed an ogre
  2112 | D:4      | Killed an ogre
  2112 | D:4      | Reached XP level 5. HP: 27/46 MP: 4/4
  2163 | D:4      | Reached skill level 5 in Armour
  2179 | D:4      | Reached XP level 6. HP: 21/53 MP: 5/5
  2495 | D:4      | Reached skill level 5 in Axes
  2517 | D:4      | Reached skill level 5 in Fighting
  2517 | D:4      | Reached skill level 5 in Shields
  2726 | D:4      | You fall through a shaft for 2 floors!
  2769 | D:5      | Entered Level 5 of the Dungeon
  2942 | D:5      | You fall through a shaft for 2 floors!
  2942 | D:7      | Noticed Joseph
  2950 | D:7      | HP: 1/56 [Joseph/sling bullet (8)]
  2950 | D:7      | Annihilated by an ogre

Skill      XL: |  1  2  3  4  5  6 |
---------------+-------------------+-----
Armour         | 4 5 |  5.6
Shields        | 4 5 |  5.1
Axes           | 3 4 5 |  5.4
Fighting       | 4 5 |  5.1
Dodging        | 1 |  1.5

Action                   |  1- 3 |  4- 6 || total
-------------------------+-------+-------++-------
Melee: War axe           |    85 |    79 ||   164
       Headbutt          |    14 |    10 ||    24
  Use: Scroll            |     3 |     1 ||     4
       Potion            |       |     1 ||     1
  Eat: Royal jelly       |     1 |     1 ||     2
       Bread ration      |       |     1 ||     1
Armor: Scale mail        |    36 |    30 ||    66
Dodge: Dodged            |    21 |    24 ||    45
Block: Shield            |    40 |    34 ||    74
       Large shield      |       |     7 ||     7
